 Dungeon Crawl Stone Soup version coffee-0.2.0 (webtiles) character file.

Game seed: 7250961741606849137, levelgen mode: deterministic

81 Dorkslayer the Sneak (level 4, -2/30 HPs)
             Began as an Octopode Assassin on Oct 30, 2020.
             Slain by an orc priest
             ... wielding a +0 war axe
              (8 damage)
             ... on level 2 of the Dungeon.
             The game lasted 00:05:33 (656 turns).

Dorkslayer the Sneak (Octopode Assassin)             Turns: 656, Time: 00:05:34

Health: -2/30      AC:  1    Str: 10    XL:     4   Next: 42%
Magic:  4/4        EV: 15    Int: 13    God:
Gold:   83         SH:  0    Dex: 14    Spells: 3/3 levels left

rFire    . . .     SeeInvis .   a - +2 dagger
rCold    . . .     Gourm    .   (no shield)
rNeg     + . .     Faith    .   (helmet restricted)
rPois    .         Spirit   .   i - amulet of magic regeneration
rElec    .         Reflect  .   n - ring of positive energy
rCorr    .         Harm     .   (no ring)
MR       .....                  (no ring)
Stlth    +++++.....             (no ring)
HPRegen  0.10/turn              (no ring)
MPRegen  0.34/turn              (no ring)
                                (no ring)
                                (no ring)

@: no status effects
A: almost no armour, stealthy swim, amphibious, 8 rings, constrict 8, camouflage
1, gelatinous body 1
a: no special abilities


You were on level 2 of the Dungeon.
You were not hungry.

You visited 1 branch of the dungeon, and saw 2 of its levels.

You collected 83 gold pieces.

Inventory:

Hand Weapons
 a - a +2 dagger (weapon)
Missiles
 b - 5 poisoned darts (quivered)
 c - 2 curare-tipped darts
 l - 6 boomerangs
Jewellery
 i - an amulet of magic regeneration (around mantle)
 n - a ring of positive energy (left tentacle)
Wands
 k - a wand of random effects (24)
Scrolls
 j - a scroll of magic mapping
 m - a scroll of remove curse
Potions
 e - a potion of flight
 g - a potion of brilliance
Comestibles
 d - 2 rations
 f - 3 chunks of flesh


   Skills:
 + Level 2.5(4.1) Fighting
 + Level 2.2 Short Blades
 + Level 2.1 Throwing
 + Level 1.1(3.6) Dodging
 + Level 7.1(7.6) Stealth
 * Level 1.1 Evocations


You had 3 spell levels left.
You didn't know any spells.
Your spell library was empty.

Dungeon Overview and Level Annotations

Branches:
Dungeon (2/10)
 Temple: D:2

Altars:

Shops:
D:2 (


Innate Abilities, Weirdness & Mutations

You cannot wear most types of armour.
You are very stealthy in the water. (Stealth+)
You are amphibious.
You can wear up to eight rings at the same time.
You can use your tentacles to constrict eight enemies at once.
Your skin changes colour to match your surroundings (Stealth+).
Your rubbery body absorbs attacks. (AC +1, EV +1)


Message History

Press: ? - help, Shift-Dir - straight line, f - orc priest
Aim: an orc priest, wielding a +0 war axe and wearing a +0 ring mail The giant cockroach flickers and vanishes!
Deactivating autopickup; reactivate with Ctrl-A.
You constrict something. Something completely misses you.
You hit something but do no damage. You constrict something.
Something bites you.
The orc priest calls down the wrath of Beogh upon you.
Beogh smites you!
* * * LOW HITPOINT WARNING * * *
You barely miss something. You squeeze something.
Reactivating autopickup.
You feel a bit more experienced.
You hit the orc priest but do no damage.
You grab the orc priest.
You squeeze the orc priest, but do no damage.
Your hearing returns.
You constrict the orc priest, but do no damage.
The orc priest hits you with a +0 war axe!
You die...

##.........#<#
#..#######...#
#.## o$###..#
#.# ...##...
#.#...o..o#.#.
#.#.#...#.#.
.# #.#....
..#. .. #.#...
...#. #$ #@#o.
....
#o#.#o..#.
#o#.......
#.)(.s....
#####...#. ##


You could see an orc priest and an orc.

Vanquished Creatures
  An orc priest (D:2)
  An adder (D:2)
  A dart slug (D:1)
  2 leopard geckos (D:1)
  2 orcs (D:2)
  A ball python (D:1)
  7 bats (D:1)
  4 giant cockroaches
  4 goblins (D:1)
  3 hobgoblins (D:1)
  5 kobolds (D:1)
  A frilled lizard (D:2)
  3 rats (D:1)
35 creatures vanquished.

Notes
Turn   | Place    | Note
-------+----------+-------------------------------------------
     0 | D:1      | Dorkslayer the Octopode Assassin began the quest for the
                  | Orb.
     0 | D:1      | Reached XP level 1. HP: 14/14 MP: 1/1
   100 | D:1      | Reached XP level 2. HP: 18/20 MP: 2/2
   196 | D:1      | Reached skill level 6 in Stealth
   276 | D:1      | Reached XP level 3. HP: 25/25 MP: 3/3
   596 | D:2      | Found Tococis's Weapon Shop.
   647 | D:2      | Reached skill level 7 in Stealth
   647 | D:2      | Reached skill level 1 in Evocations
   647 | D:2      | Reached XP level 4. HP: 16/30 MP: 4/4
   656 | D:2      | Slain by an orc priest

Levels and vault maps discovered:
D:1:      erik_arrival_blinker_ship, layout_basic, serial_park_tiny_1
D:2:      cheibrodos_pilgrimage, layout_rooms, minmay_temple_entry_butterflies,
          serial_shops, shop_coins, uniq_terence

Skill      XL: |  1  2  3 |
---------------+----------+-----
Stealth        | 6 7 |  7.1
Evocations     | 1 |  1.1
Fighting       | |  2.5
Short Blades   | |  2.2
Throwing       | |  2.1
Dodging        | |  1.1

Action                   |  1- 3 |  4- 6 || total
-------------------------+-------+-------++-------
Melee: Dagger            |    52 |     8 ||    60
       Constrict         |    14 |     3 ||    17
       Tentacles         |     6 |     4 ||    10
Throw: Dart              |     8 |       ||     8
Evoke: Wand              |       |     1 ||     1
  Use: Scroll            |     1 |       ||     1
 Stab: Sleeping          |    12 |       ||    12
Armor: Skin              |     6 |       ||     6
Dodge: Dodged            |    27 |     3 ||    30
